 Dungeon Sprint DCSS version 0.29.0-5-ge4962eb29e (webtiles) character file.

Game seed: 11650328992053115835

84451 Revguard the Peltast (level 16, 0/214 HPs)
             Began as a Human Fighter on Aug 29, 2022.
             Was a High Priest of Zin (penitent).
             Slain by an iron golem (4 damage)
             ... in the Dungeon (Sprint V: "Ziggurat Sprint").
             The game lasted 00:38:07 (2749 turns).

Revguard the Peltast (Human Fighter)                Turns: 2749, Time: 00:38:08

Health: 0/214      AC: 40    Str: 17    XL:     16   Next: 27%
Magic:  29/29      EV:  9    Int: 10    God:    Zin [*****.]
Gold:   0          SH: 39    Dex: 18    Spells: 15/15 levels left

rFire   + + +      SeeInvis .   E - +7 Screaming Sword {vorpal, sonic wave}
rCold   + + +      Faith    .   D - +18 shield of the Gong {rElec rN+ Will+ EV-5}
rNeg    + + .      Spirit   .   C - +15 Maxwell's patent armour {-Cast -Tele rElec Will+ rCorr}
rPois   +          Reflect  +   G - +2 hood of the Assassin {Detection Stab+ Stlth++}
rElec   +          Harm     .   n - +0 cloak of the Zebra {Rampage rPois rC+++ Dex-4}
rCorr   +          Rampage  +   F - +0 pair of gloves {Dex+3}
Will    +++..      NoTele   +   x - +0 pair of boots {Fly}
Stlth   .......... NoCast   +   K - amulet "Teojady" {Reflect Drain Int+5 SH+5 Stlth+}
HPRegen 0.45/turn               c - ring of Xalutwymy {rElec rF+++ rN+ Int-5}
MPRegen 0.21/turn               b - ring of Irodacimasch {Fly rCorr Slay+3}

@: berserking, spiked, on recite cooldown, flying, studying Axes, very quick
A: no striking features
a: Renounce Religion, Donate Gold


You were in the Dungeon.
You worshipped Zin.
Zin was demanding penance.
You visited 1 branch

Inventory:

Hand Weapons
 u - the +7 captain's cutlass {speed, disarm}
   (You took it off a merfolk javelineer in the Dungeon)

   Attacks with this weapon are significantly faster.
   It may disarm weapon-wielding foes when striking them, dealing extra damage
   in the process.
 E - the +7 Screaming Sword (weapon) {vorpal, sonic wave}
   (You found it in the Dungeon)

   It inflicts extra damage upon your enemies.
   It radiates damaging sonic waves as it strikes, especially in combat
   involving dangerous or numerous foes.
Armour
 a - a +2 helmet of intelligence
 n - the +0 cloak of the Zebra (worn) {Rampage rPois rC+++ Dex-4}
   (You found it in the Dungeon)

   Dex:       It affects your dexterity (-4).
   rC:        It renders you almost immune to cold.
   rPois:     It protects you from poison.
   Rampage:   It bestows one free step when moving towards enemies.
 x - a +0 pair of boots of flying (worn)
 C - the +15 Maxwell's patent armour (worn) {-Cast -Tele rElec Will+ rCorr}
   (You found it in the Dungeon)

   rElec:     It insulates you from electricity.
   -Cast:     It prevents spellcasting.
   -Tele:     It prevents most forms of teleportation.
   rCorr:     It protects you from acid and corrosion.
   Will:      It increases your willpower.
 D - the +18 shield of the Gong (worn) {rElec rN+ Will+ EV-5}
   (You found it in the Dungeon)

   It is deafeningly noisy when blocking attacks.
   EV:        It affects your evasion (-5).
   rElec:     It insulates you from electricity.
   rN:        It protects you from negative energy.
   Will:      It increases your willpower.
 F - a +0 pair of gloves of dexterity (worn)
 G - the +2 hood of the Assassin (worn) {Detection Stab+ Stlth++}
   (You found it in the Dungeon)

   It allows the wearer to sense nearby creatures.
   It allows the wearer to make particularly effective stabbing attacks against
   helpless or unaware enemies with any weapon.
   Stlth:     It makes you much more stealthy.
Jewellery
 b - the ring of Irodacimasch (right hand) {Fly rCorr Slay+3}
   (You found it in the Dungeon)

   [ring of flight]

   Slay:      It affects your accuracy & damage with ranged weapons and melee
   (+3).
   Fly:       It grants you flight.
   rCorr:     It protects you from acid and corrosion.
 c - the ring of Xalutwymy (left hand) {rElec rF+++ rN+ Int-5}
   (You found it in the Dungeon)

   [ring of positive energy]

   Int:       It affects your intelligence (-5).
   rF:        It renders you almost immune to fire.
   rElec:     It insulates you from electricity.
   rN:        It protects you from negative energy.
 v - the amulet of Untruth {Spirit rC+ Regen+}
   (You took it off a merfolk impaler in the Dungeon)

   [amulet of guardian spirit]

   It causes incoming damage to be divided between your reserves of health and
   magic.
   rC:        It protects you from cold.
   Regen:     It increases your rate of health regeneration.
 y - the ring "Kourilou" {rF- MP+9 Str+7 Int+3}
   (You found it in the Dungeon)

   [ring of magical power]

   Str:       It affects your strength (+7).
   Int:       It affects your intelligence (+3).
   rF:        It makes you vulnerable to fire.
   MP:        It affects your magic capacity (+9).
 J - an amulet of regeneration
 K - the amulet "Teojady" (around neck) {Reflect Drain Int+5 SH+5 Stlth+}
   (You found it in the Dungeon)

   [amulet of reflection]

   It reflects blocked missile attacks.
   Int:       It affects your intelligence (+5).
   Drain:     It drains your maximum health when unequipped.
   SH:        It affects your SH (+5).
   Stlth:     It makes you more stealthy.
 L - the amulet "Orre" {Reflect rPois rF- Str+2 SH+5}
   (You found it in the Dungeon)

   [amulet of reflection]

   It reflects blocked missile attacks.
   Str:       It affects your strength (+2).
   rF:        It makes you vulnerable to fire.
   rPois:     It protects you from poison.
   SH:        It affects your SH (+5).
 M - a +4 ring of evasion
 N - a ring of poison resistance
 O - the ring "Eliesizxer" {Fly rC+ Slay+3}
   (You found it in the Dungeon)

   [ring of protection from cold]

   Slay:      It affects your accuracy & damage with ranged weapons and melee
   (+3).
   rC:        It protects you from cold.
   Fly:       It grants you flight.
Wands
 z - a wand of mindburst (7)
 A - a wand of quicksilver (7)
Scrolls
 j - 4 scrolls of blinking
 o - 4 scrolls of amnesia
 p - 7 scrolls of butterflies
 q - 5 scrolls of identify
 r - 2 scrolls of fear
 t - a scroll of brand weapon
 w - 4 scrolls of enchant weapon
Potions
 d - 7 potions of might
 e - 10 potions of curing
 g - 14 potions of haste
 h - 7 potions of magic
 i - a potion of berserk rage
 k - 2 potions of brilliance
 l - 2 potions of invisibility
 m - 3 potions of resistance
Miscellaneous
 s - a condenser vane
 B - a lightning rod (4/4)
 H - a phantom mirror
 I - a tin of tremorstones (2/2)


   Skills:
 + Level 18.1 Fighting
 + Level 17.9 Long Blades
 + Level 18.1 Armour
 + Level 17.8 Dodging
 + Level 20.1 Shields
 + Level 19.4 Invocations
 + Level 19.6 Evocations


You had 15 spell levels left.
You didn't know any spells.
Your spell library contained the following spells:

 Spells                   Type           Power      Damage    Failure   Level
 Foxfire                  Conj/Fire      0%         2x1d4     100%        1
 Sandblast                Erth           0%         2d4       100%        1
 Summon Small Mammal      Summ           0%         N/A       100%        1
 Ensorcelled Hibernation  Hex/Ice        0%         N/A       100%        2
 Passwall                 Tmut/Erth      0%         N/A       100%        2
 Poisonous Vapours        Pois/Air       0%         N/A       100%        2
 Static Discharge         Conj/Air       0%         3-3/arc   100%        2
 Call Canine Familiar     Summ           0%         N/A       100%        3
 Conjure Flame            Conj/Fire      0%         6-21      100%        3
 Gell's Gravitas          Tloc           0%         N/A       100%        3
 Inner Flame              Hex/Fire       0%         N/A       100%        3
 Lesser Beckoning         Tloc           0%         N/A       100%        3
 Portal Projectile        Hex/Tloc       0%         N/A       100%        3
 Stone Arrow              Conj/Erth      0%         3d7       100%        3
 Summon Guardian Golem    Hex/Summ       0%         N/A       100%        3
 Swiftness                Air            0%         N/A       100%        3
 Teleport Other           Tloc           0%         N/A       100%        3
 Tukima's Dance           Hex            0%         N/A       100%        3
 Airstrike                Air            0%         2d(0-16)  100%        4
 Animate Armour           Summ/Erth      0%         N/A       100%        4
 Flame Wave               Conj/Fire      0%         2d4       100%        4
 Leda's Liquefaction      Hex/Erth       0%         N/A       100%        4
 Olgreb's Toxic Radiance  Pois           0%         N/A       100%        4
 Passage of Golubria      Tloc           0%         N/A       100%        4
 Summon Lightning Spire   Summ/Air       0%         N/A       100%        4
 Blade Hands              Tmut           0%         N/A       100%        5
 Fireball                 Conj/Fire      0%         3d3       100%        5
 Lee's Rapid Deconstruct  Erth           0%         3d5*      100%        5
 Lightning Bolt           Conj/Air       0%         1d11      100%        5
 Summon Forest            Summ/Tloc      0%         N/A       100%        5
 Yara's Violent Unravell  Hex/Tmut       0%         3d3       100%        5
 Conjure Ball Lightning   Conj/Air       0%         3x3d6     100%        6
 Eringya's Noxious Bog    Tmut/Pois      0%         N/A       100%        6
 Statue Form              Tmut/Erth      0%         N/A       100%        6
 Ozocubu's Refrigeration  Ice            0%         4d7       100%        7
 Summon Hydra             Summ           0%         N/A       100%        7
 Ignition                 Fire           0%         3d3       100%        8
 Lehudib's Crystal Spear  Conj/Erth      0%         10d2      100%        8
 Maxwell's Capacitive Co  Air            0%         ∞         100%        8
 Fire Storm               Conj/Fire      0%         5d1       100%        9


Dungeon Overview and Level Annotations

Branches:
Dungeon (1/1)

Altars:
Ashenzari
Cheibriados
Dithmenos
Elyvilon
Fedhas
Gozag
Hepliaklqana
Kikubaaqudgha
Makhleb
Nemelex Xobeh
Okawaru
Qazlal
Ru
Sif Muna
Trog
Uskayaw
Vehumet
Wu Jian
Xom
Yredelemnul
Zin
The Shining One
Jiyva
Lugonu


Message History

The dread lich is moderately damaged.
The iron golem is lightly damaged.
The iron golem is heavily damaged.
The iron golem is lightly damaged.
The iron golem is heavily damaged.
The blizzard demon gestures at you.
The bolt of lightning hits the crystal echidna.
The crystal echidna completely resists.
The bolt of lightning hits the iron golem.
The iron golem completely resists.
The bolt of lightning hits you. You resist.
* * * LOW HITPOINT WARNING * * *
You block the iron golem's attack.
PTOANNNG!
You block the iron golem's attack.
BONNNG!
You slice the dread lich!!
The dread lich is severely damaged.
You block the reaper's attack.
GONNNNG!
You slice the dread lich!!
The Screaming Sword screams, "KILL!
KILL!!
KILL!!!"
You send a blast of sound all around you.
The reaper is severely wounded.
The blizzard demon is heavily wounded.
The iron golem is lightly damaged.
You destroy the crystal echidna!
The iron golem is lightly damaged.
You destroy the dread lich!
Zin accepts your kill.
The reaper disappears in a puff of smoke!
The blizzard demon disappears in a puff of smoke!
The iron golem is lightly damaged. x2
The iron golem is heavily damaged.
The iron golem is lightly damaged.
You block the iron golem's attack.
PANG!
You block the iron golem's attack.
GONNNNG!
The iron golem hits you.
You die...

▓.~...)..
..:§§§§§§§§§|..▓...~.~(.
..:§§§§§§§§§§..▓.~~..))÷
..§§§§§§§§§§§..▓..~~~((÷
..§§§§§§§§§§§..▓~.▓~))..
..§§§§§§§§§§...▓.▓▓▓~~..
..§§§§19§§§§...▓~.▓.~...
.....§§99§§....▓~.~..~.~
.....99@9§§....▓~.....©~
......9........▓▓▓▓▓▓▓▓▓
...▓.......▓... .
▓.▓.....▓.▓ .
...▓.......▓...
...............
.......©.......
▓▓▓▓▓▓▓▓▓▓▓▓▓▓▓


You could see 7 iron golems and a Hell Sentinel (dazed).

Vanquished Creatures
  A dread lich (D)
  An ancient lich (D)
  A shard shrike (D)
  3 caustic shrikes (D)
  4 liches (D)
  2 acid blobs (D)
  2 shadow dragons (D)
  2 narguns (D)
  2 azure jellies (D)
  4 rockslimes (D)
  3 frost giants (D)
  A deep elf sorcerer (D)
  7 quicksilver elementals (D)
  A quicksilver ooze (D)
  2 ghouls (D)
  A war gargoyle (D)
  9 merfolk impalers (D)
  5 merfolk javelineers (D)
  A great orb of eyes (D)
  8 merfolk aquamancers (D)
  A merfolk avatar (D)
  A dancing weapon (D)
  A satyr (D)
  2 soul eaters (D)
  A vampire mage (D)
  8 crystal echidnas (D)
  3 skeletal warriors (D)
  A sea snake (D)
  A glowing orange brain (D)
  A deep elf archer (D)
  2 necromancers (D)
  2 manticores (D)
  An orc sorcerer (D)
  3 deep elf pyromancers (D)
  An ugly thing (D)
  2 cyclopes (D)
  2 shining eyes (D)
  3 toenail golems (D)
  A merfolk siren (D)
  A naga mage (D)
  A black mamba (D)
  An eye of devastation (D)
  5 water nymphs (D)
  A hellion (D)
  2 rime drakes (D)
  A tormentor (D)
  A freezing wraith (D)
  2 ancient zymes (D)
  2 wind drakes (D)
  6 merfolk (D)
  A hornet (shapeshifter) (D)
  10 slime creatures (D)
  3 snapping turtles (D)
  2 large abominations (D)
  3 shadows (D)
  3 vampires (D)
  A wyvern (shapeshifter) (D)
  A fire bat (D)
  3 golden eyes (D)
  A water elemental (D)
  A human (shapeshifter) (D)
  A steam dragon (D)
  A water moccasin (D)
  A swamp drake (D)
  An ice beast (shapeshifter) (D)
  3 centaurs (D)
  A small abomination (D)
  A necrophage (D)
  2 scorpions (D)
  7 wights (D)
  A crimson imp (D)
  A quasit (D)
  6 jellies (D)
  3 adders (D)
  A spectral adder (D)
  4 adder skeletons (D)
  2 adder zombies (D)
  2 adder simulacra (D)
  A spectral bat (D)
  5 bat skeletons (D)
  2 bat zombies (D)
  6 endoplasms (D)
  6 ball pythons (D)
  2 ball python simulacra (D)
  5 ball python skeletons (D)
  2 ball python zombies (D)
  2 bat simulacra (D)
  2 giant cockroach simulacra (D)
  A jackal skeleton (D)
  3 quokka skeletons (D)
  A quokka zombie (D)
  2 spectral quokkas (D)
  4 pillars of salt (D)
231 creatures vanquished.

Vanquished Creatures (others)
  A dread lich (D)
  A deep elf knight (D)
  A water elemental (D)
  A pillar of salt (D)
4 creatures vanquished.

Grand Total: 235 creatures vanquished

Notes
Turn   | Place    | Note
-------+----------+-------------------------------------------
     0 | D        | Revguard the Human Fighter began the quest for the Orb.
     0 | D        | Reached XP level 1. HP: 18/18 MP: 1/1
     0 | D        | Found a shimmering blue altar of Sif Muna.
     0 | D        | Found a bloodstained altar of Trog.
     0 | D        | Found a sacrificial altar of Ru.
     0 | D        | Found a stormy altar of Qazlal.
     0 | D        | Found an iron altar of Okawaru.
     1 | D        | Found a sparkling altar of Nemelex Xobeh.
     1 | D        | Found a blossoming altar of Fedhas.
     1 | D        | Found the +6 Majin-Bo {vamp, MP+6 Int+6}
     1 | D        | Found the +9 heavy crossbow "Sniper" {vorpal, Acc+∞ SInv}
     1 | D        | Found the +10 dark maul {vorpal}
     1 | D        | Found the +15 Maxwell's patent armour {-Cast -Tele rElec
                  | Will+ rCorr}
     1 | D        | Found the +18 shield of the Gong {rElec rN+ Will+ EV-5}
     1 | D        | Found the +14 obsidian axe {vorpal, Mesm Drain Fly SInv}
     1 | D        | Found the +7 great mace "Firestarter" {inner flame, rF++}
     1 | D        | Found the +6 shillelagh "Devastator" {shatter}
     1 | D        | Found the +11 plutonium sword {Contam Stlth-}
     1 | D        | Found the +8 lance "Wyrmbane" {slay drac, rPois rF+ rC+
                  | AC+3}
     1 | D        | Found the +9 sword of Zonguldrok {reap}
     1 | D        | Found the +13 scythe of Curses {drain, Drain}
     1 | D        | Found the +5 sword of Power {vorpal}
     1 | D        | Found the +7 mace of Variability {chain chaos}
     1 | D        | Found the +7 Singing Sword {vorpal, sonic wave}
     1 | D        | Found the +8 storm bow {elec, penet}
     3 | D        | Found a transporter.
     3 | D        | Found an ancient bone altar of Kikubaaqudgha.
     3 | D        | Found a viscous altar of Jiyva.
     3 | D        | Found a corrupted altar of Lugonu.
     3 | D        | Found a hazy altar of Hepliaklqana.
     3 | D        | Found a burning altar of Makhleb.
     3 | D        | Found an opulent altar of Gozag.
    69 | D        | Became a worshipper of Zin the Law-Giver
    72 | D        | Reached skill level 4 in Shields
    72 | D        | Reached XP level 2. HP: 25/25 MP: 2/4
    87 | D        | Entered arena 2.
    87 | D        | Noticed a scorpion
    87 | D        | Noticed a scorpion
    87 | D        | Found a transporter.
    89 | D        | Killed a scorpion
    89 | D        | Killed a scorpion
    90 | D        | Reached skill level 5 in Fighting
    90 | D        | Reached skill level 5 in Armour
    90 | D        | Reached skill level 5 in Shields
    90 | D        | Reached XP level 3. HP: 33/33 MP: 3/6
    90 | D        | Reached XP level 4. HP: 39/39 MP: 3/7
    90 | D        | Reached XP level 5. HP: 44/44 MP: 3/8
   130 | D        | Entered arena 3.
   130 | D        | Noticed a toenail golem
   130 | D        | Noticed a toenail golem
   130 | D        | Noticed a toenail golem
   130 | D        | Found a transporter.
   137 | D        | Killed a toenail golem
   138 | D        | Reached skill level 5 in Long Blades
   138 | D        | Reached skill level 5 in Dodging
   138 | D        | Reached skill level 6 in Shields
   138 | D        | Reached skill level 5 in Evocations
   138 | D        | Reached XP level 6. HP: 53/53 MP: 8/10
   138 | D        | Reached XP level 7. HP: 59/59 MP: 8/11
   139 | D        | Killed a toenail golem
   140 | D        | Reached skill level 7 in Shields
   140 | D        | Reached XP level 8. HP: 67/67 MP: 8/13
   142 | D        | Killed a toenail golem
   147 | D        | Got the +0 cloak of the Zebra {Rampage rPois rC+++ Dex-4}
   157 | D        | Entered arena 4.
   157 | D        | Noticed a rime drake
   157 | D        | Noticed a rime drake
   157 | D        | Found a transporter.
   161 | D        | Killed a rime drake
   161 | D        | Killed a rime drake
   162 | D        | Reached skill level 8 in Shields
   162 | D        | Reached XP level 9. HP: 64/74 MP: 11/15
   177 | D        | Entered arena 5.
   177 | D        | Found a transporter.
   226 | D        | Entered arena 6.
   226 | D        | Noticed a red ugly thing
   226 | D        | Noticed a blink frog
   226 | D        | Found a transporter.
   230 | D        | Noticed a raiju
   230 | D        | a blink frog changed into a raiju
   234 | D        | a raiju changed into something unseen
   235 | D        | Killed a red ugly thing
   240 | D        | Reached * piety under Zin
   241 | D        | Noticed a hornet
   241 | D        | an ice beast changed into a hornet
   244 | D        | Killed a hornet
   247 | D        | Reached ** piety under Zin
   248 | D        | Reached skill level 9 in Shields
   248 | D        | Reached XP level 10. HP: 80/83 MP: 16/16
   263 | D        | Entered arena 7.
   263 | D        | Noticed a shining eye
   264 | D        | Found a transporter.
   268 | D        | Killed a shining eye
   285 | D        | Entered arena 8.
   286 | D        | Found a transporter.
   290 | D        | Reached *** piety under Zin
   294 | D        | Reached **** piety under Zin
   310 | D        | Entered arena 9.
   311 | D        | Found a transporter.
   317 | D        | Reached skill level 10 in Invocations
   318 | D        | Reached skill level 10 in Shields
   427 | D        | Entered arena 10.
   427 | D        | Noticed a black mamba
   427 | D        | Noticed a naga mage
   429 | D        | Found a transporter.
   432 | D        | Killed a black mamba
   433 | D        | Reached skill level 10 in Fighting
   433 | D        | Reached skill level 10 in Armour
   434 | D        | Killed a naga mage
   439 | D        | Got the ring of Irodacimasch {Fly rCorr Slay+3}
   445 | D        | Got the ring of Xalutwymy {rElec rF+++ rN+ Int-5}
   505 | D        | Entered arena 11.
   505 | D        | Noticed a +0 vorpal dire flail
   505 | D        | Noticed a deep elf knight
   505 | D        | Noticed a deep elf sorcerer
   505 | D        | Noticed a deep elf pyromancer
   505 | D        | Noticed a deep elf pyromancer
   505 | D        | Noticed a deep elf pyromancer
   505 | D        | Noticed a deep elf archer
   507 | D        | Found a transporter.
   517 | D        | Killed a +0 vorpal dire flail
   518 | D        | Reached skill level 10 in Long Blades
   518 | D        | Reached skill level 11 in Shields
   518 | D        | Reached XP level 11. HP: 81/91 MP: 15/19
   525 | D        | Killed a deep elf sorcerer
   526 | D        | Reached skill level 10 in Dodging
   526 | D        | Reached skill level 10 in Evocations
   536 | D        | Killed a deep elf knight
   540 | D        | Killed a deep elf pyromancer
   541 | D        | Killed a deep elf pyromancer
   542 | D        | Reached skill level 12 in Shields
   543 | D        | Killed a deep elf archer
   547 | D        | Killed a deep elf pyromancer
   709 | D        | Entered arena 12.
   710 | D        | Noticed an orc sorcerer
   710 | D        | Found a transporter.
   713 | D        | Killed an orc sorcerer
   717 | D        | Reached ***** piety under Zin
   728 | D        | Reached skill level 13 in Shields
   838 | D        | Entered arena 13.
   838 | D        | Noticed a rockslime
   839 | D        | Noticed a rockslime
   839 | D        | Noticed a quicksilver ooze
   839 | D        | Found a transporter.
   846 | D        | Killed a rockslime
   847 | D        | Reached XP level 12. HP: 100/100 MP: 19/21
   851 | D        | Killed a quicksilver ooze
   865 | D        | Killed a rockslime
   866 | D        | Reached skill level 14 in Shields
   879 | D        | Got the ring "Deomuyf" {rPois rF+ Will- rCorr Str+9 Dex-2}
   883 | D        | Acquired a manual of Evocations
   888 | D        | Entered arena 14.
   901 | D        | Reached ****** piety under Zin
   915 | D        | Found a transporter.
   940 | D        | Entered arena 15.
   941 | D        | Noticed a rockslime
   941 | D        | Noticed an azure jelly
   941 | D        | Noticed a glowing orange brain
   947 | D        | Noticed an acid blob
   949 | D        | Killed an azure jelly
   953 | D        | Killed an acid blob
   954 | D        | Reached skill level 15 in Shields
   960 | D        | Killed a rockslime
   961 | D        | Reached XP level 13. HP: 60/109 MP: 23/23
   961 | D        | Found the +8 whip "Snakebite" {venom, curare, rPois}
   962 | D        | Found a transporter.
  1010 | D        | Entered arena 16.
  1011 | D        | Noticed a great orb of eyes
  1011 | D        | Noticed an azure jelly
  1011 | D        | Noticed an acid blob
  1012 | D        | Noticed a rockslime
  1012 | D        | Found the +5 glaive of the Guard {elec, spectral, AC+5}
  1012 | D        | Found a transporter.
  1017 | D        | Killed an acid blob
  1017 | D        | Killed an azure jelly
  1018 | D        | Reached skill level 16 in Shields
  1019 | D        | Killed a great orb of eyes
  1029 | D        | Killed a rockslime
  1041 | D        | Got the ring "Bedgh" {Fire rElec Str+4 SInv}
  1045 | D        | Got the amulet "Orre" {Reflect rPois rF- Str+2 SH+5}
  1179 | D        | Entered arena 17.
  1182 | D        | Noticed a shadow dragon
  1182 | D        | Noticed a shadow dragon
  1182 | D        | Noticed a ghoul
  1183 | D        | Found a transporter.
  1188 | D        | Killed a ghoul
  1194 | D        | Killed a shadow dragon
  1195 | D        | Reached skill level 15 in Evocations
  1199 | D        | Killed a shadow dragon
  1205 | D        | Got the +9 great sword "Mecab" {flame, rF+ rC+ Int+2}
  1212 | D        | Got the ring of the Invisible Hand {rC- Will+ Dex+3}
  1416 | D        | Entered arena 18.
  1419 | D        | Noticed a frost giant
  1419 | D        | Noticed a dread lich
  1419 | D        | Noticed a nargun
  1419 | D        | Noticed a nargun
  1419 | D        | Noticed a frost giant
  1431 | D        | Noticed a frost giant
  1438 | D        | Reached skill level 15 in Invocations
  1438 | D        | Noticed an ancient lich
  1441 | D        | Killed a frost giant
  1442 | D        | Killed a nargun
  1442 | D        | Killed a frost giant
  1443 | D        | Reached skill level 17 in Shields
  1443 | D        | Reached XP level 14. HP: 72/121 MP: 22/25
  1449 | D        | Noticed a shard shrike
  1471 | D        | Killed a shard shrike
  1492 | D        | Killed a frost giant
  1497 | D        | Killed a nargun
  1500 | D        | Killed an ancient lich
  1501 | D        | Reached skill level 15 in Armour
  1505 | D        | Found a transporter.
  1517 | D        | Noticed a cacodemon
  1538 | D        | Killed a dread lich
  1539 | D        | Reached skill level 15 in Fighting
  1539 | D        | Reached skill level 15 in Long Blades
  1553 | D        | Got the ring of the Burning Gods {rElec rPois Will- AC+4
                  | Str+6}
  1835 | D        | Entered arena 19.
  1836 | D        | Identified the amulet of Untruth {Spirit rC+ Regen+}
  1837 | D        | Identified the +8 rapier of Geliysiu {vorpal, +Blink rCorr
                  | Dex-4 SInv}
  1837 | D        | Identified the +1 leather armour of the Trees {-Tele
                  | Rampage rElec}
  1837 | D        | Identified the +8 falchion of Wiulif {venom, MP+9 Str+4
                  | Int-5 SInv}
  1840 | D        | Reached skill level 15 in Dodging
  1841 | D        | Reached skill level 18 in Shields
  1859 | D        | Found a transporter.
  1876 | D        | Got the Commentary on the Birds
  1884 | D        | Got the Almanac of the Marlin
  2166 | D        | Entered arena 20.
  2172 | D        | Identified the ring "Meinifoq" {rF+ rN+ Slay+4}
  2173 | D        | Identified the ring "Cetiad" {rCorr Str+5 Int+6 Dex-4}
  2174 | D        | Identified the +3 ring mail of Qeunk {Regen+}
  2175 | D        | Identified the +7 morningstar "Qunum" {elec, rCorr}
  2176 | D        | Reached XP level 15. HP: 111/131 MP: 24/27
  2181 | D        | Found a transporter.
  2211 | D        | Reached skill level 19 in Shields
  2213 | D        | Got the amulet "Xadoj" {Faith *Corrode +Inv rC++ Int+3}
  2224 | D        | Got the +0 pair of boots "Hytew" {rF- rN+ Stlth+}
  2412 | D        | Entered arena 21.
  2416 | D        | Noticed a lich
  2417 | D        | Noticed a lich
  2417 | D        | Noticed a ghoul
  2417 | D        | Noticed a lich
  2417 | D        | Found the +2 hood of the Assassin {Detection Stab+ Stlth++}
  2417 | D        | Noticed a lich
  2420 | D        | Killed a lich
  2422 | D        | Killed a lich
  2426 | D        | Killed a lich
  2426 | D        | Killed a lich
  2437 | D        | Killed a ghoul
  2438 | D        | Found a transporter.
  2450 | D        | Got the ring "Kourilou" {rF- MP+9 Str+7 Int+3}
  2470 | D        | Got the amulet "Teojady" {Reflect Drain Int+5 SH+5 Stlth+}
  2501 | D        | Got the ring "Eliesizxer" {Fly rC+ Slay+3}
  2728 | D        | Entered arena 22.
  2732 | D        | Noticed a quicksilver elemental
  2732 | D        | Noticed a caustic shrike
  2732 | D        | Noticed a caustic shrike
  2732 | D        | Noticed a quicksilver elemental
  2732 | D        | Noticed a quicksilver elemental
  2733 | D        | Noticed a caustic shrike
  2733 | D        | Noticed a war gargoyle
  2733 | D        | Noticed a dread lich
  2733 | D        | Found the +0 pair of fencer's gloves {Riposte Dex+3}
  2733 | D        | Noticed a quicksilver elemental
  2733 | D        | Noticed a quicksilver elemental
  2733 | D        | Noticed a Hell Sentinel
  2733 | D        | Noticed a quicksilver elemental
  2733 | D        | Noticed a quicksilver elemental
  2734 | D        | Noticed a Tzitzimitl
  2735 | D        | Was placed under penance by Zin
  2736 | D        | Killed a quicksilver elemental
  2736 | D        | Killed a quicksilver elemental
  2736 | D        | Killed a quicksilver elemental
  2736 | D        | Zin protects you from harm!
  2736 | D        | Killed a caustic shrike
  2736 | D        | Killed a quicksilver elemental
  2737 | D        | Killed a caustic shrike
  2737 | D        | Killed a quicksilver elemental
  2737 | D        | Killed a caustic shrike
  2737 | D        | Killed a quicksilver elemental
  2738 | D        | Reached XP level 16. HP: 20/143 MP: 29/29
  2738 | D        | Killed a quicksilver elemental
  2738 | D        | HP: 4/143 [crystal echidna/volley of spikes (11)]
  2739 | D        | Reached skill level 20 in Shields
  2743 | D        | HP: 9/213 [crystal echidna/crystal bolt (2)]
  2747 | D        | HP: 4/214 [blizzard demon/bolt of lightning[a dread lich]
                  | (6)]
  2749 | D        | Killed a dread lich
  2749 | D        | Slain by an iron golem

Illustrated notes

Levels and vault maps discovered:
D:        sprint_v [room_start, room_1, room_2, room_3, room_4, room_5, room_6,
          room_7, room_8, room_9, room_10, room_11, room_12, room_13, room_14,
          room_15, room_16, room_17, room_18, room_19, room_20, room_21,
          room_22, room_23, room_24, room_25, room_26, room_27]

Skill      XL: |  1  2  3  4  5  6  7  8  9 10 11 12 13 14 15 16 |
---------------+-------------------------------------------------+-----
Fighting       | 4 5 6 7 8 9 10 11 12 14 16 17 18 | 18.1
Long Blades    | 3 4 5 6 7 8 10 11 12 14 15 17 | 17.9
Armour         | 4 5 6 7 8 9 10 11 13 14 16 17 18 | 18.1
Dodging        | 2 3 5 6 7 8 9 11 12 14 15 17 | 17.8
Shields        | 4 5 6 7 8 9 11 13 15 17 18 19 20 | 20.1
Invocations    | 2 4 6 7 8 9 10 12 13 15 17 19 | 19.4
Evocations     | 2 3 5 6 7 8 9 11 13 15 17 19 | 19.6

Action                   |  1- 3 |  4- 6 |  7- 9 | 10-12 | 13-15 | 16-18 || total
-------------------------+-------+-------+-------+-------+-------+-------++-------
Melee: Double sword      |     1 |     5 |    35 |   122 |   133 |     8 ||   304
Invok: Recite            |       |       |     1 |     6 |    10 |       ||    17
       Vitalisation      |       |       |       |     5 |     3 |       ||     8
       Sanctuary         |       |       |       |       |     3 |       ||     3
Evoke: Tin of tremorston |       |       |       |       |    14 |     2 ||    16
       Condenser vane    |       |       |       |       |     1 |       ||     1
  Use: Potion            |     1 |       |       |       |    11 |     2 ||    14
       Scroll            |       |       |       |     1 |       |       ||     1
 Stab: Confused          |       |       |     2 |       |     2 |       ||     4
Armor: Plate armour      |       |     5 |    20 |    53 |    80 |     7 ||   165
Dodge: Dodged            |       |       |    10 |    29 |    18 |     8 ||    65
Block: Kite shield       |       |    13 |    63 |   227 |   241 |    27 ||   571
       Reflection        |       |       |       |       |     8 |       ||     8
